 Dungeon Crawl Stone Soup version 0.23.2-40-g277498a001 (webtiles) character file.

Game seed: 8748864280854440351

2478 Descartes the Conjurer (level 9, -3/74 HPs)
             Began as a Pale Draconian Conjurer on Sept 16, 2019.
             Was a Follower of Dithmenos.
             Slain by an orc warrior
             ... wielding a +2 dire flail of crushing
              (13 damage)
             ... on level 6 of the Dungeon.
             The game lasted 00:28:34 (11100 turns).

Descartes the Conjurer (Pale Draconian Conjurer)   Turns: 11100, Time: 00:28:35

Health: -3/74      AC:  8    Str: 11    XL:     9   Next: 27%
Magic:  0/16       EV: 14    Int: 18    God:    Dithmenos [*.....]
Gold:   491        SH:  0    Dex: 12    Spells: 6/17 levels left

rFire    + . .     SeeInvis .   G - +11 hunting sling "Cesch" {speed, *Contam rElec rF+ rC+}
rCold    + + .     Gourm    .   (no shield)
rNeg     . . .     Faith    .   (armour unavailable)
rPois    +         Spirit   .   (helmet restricted)
rElec    +         Reflect  .   E - scarf {repulsion}
rCorr    .         Harm     .   (no gloves)
MR       .....                  H - +0 pair of boots
Stlth    +++.......             (no amulet)
HPRegen  0.22/turn              g - ring of protection from cold
MPRegen  0.15/turn              N - ring of poison resistance

@: wreathed by umbra, repel missiles
A: breathe steam, unfitting armour, cold-blooded, AC +7
a: Breathe Steam, Renounce Religion


You were on level 6 of the Dungeon.
You worshipped Dithmenos.
Dithmenos was aware of your devotion.
You were very hungry.

You visited 2 branches of the dungeon, and saw 8 of its levels.

You collected 491 gold pieces.

Inventory:

Hand Weapons
 a - a +0 whip of draining
 G - the +11 hunting sling "Cesch" (weapon) {speed, *Contam rElec rF+ rC+}
   (You found it on level 7 of the Dungeon)

   Attacks with this weapon are significantly faster.
   It protects you from fire.
   It protects you from cold.
   It insulates you from electricity.
   It causes magical contamination when unequipped.
 K - a +2 dire flail of holy wrath
 M - a +1 dagger of venom
Missiles
 e - 134 sling bullets (quivered)
 k - 242 stones
 m - 7 curare-tipped needles
 s - 201 arrows
 x - 20 poisoned needles
 F - 99 bolts
Armour
 E - a scarf of repulsion (worn)
 H - a +0 pair of boots (worn)
Jewellery
 g - a ring of protection from cold (left hand)
 l - a +3 ring of strength
 y - an uncursed ring of fire
 C - an uncursed ring of ice
 N - a ring of poison resistance (right hand)
Wands
 i - a wand of digging (6)
 n - a wand of iceblast (14)
 J - a wand of clouds (8)
 Q - a wand of flame (12)
Scrolls
 d - 2 scrolls of teleportation {unknown}
 h - a scroll of noise
 p - a scroll of enchant armour {unknown}
 q - 2 scrolls of amnesia {unknown}
 r - 4 scrolls of random uselessness {unknown}
 u - 4 scrolls of remove curse {unknown}
 v - 3 scrolls of fog {unknown}
 A - 2 scrolls of blinking {unknown}
 B - a scroll of immolation {unknown}
 I - a scroll of silence {unknown}
 L - a scroll of magic mapping {unknown}
 O - a scroll of enchant weapon {unknown}
 P - a scroll of brand weapon {unknown}
Potions
 c - a potion of resistance
 f - a potion of heal wounds
 o - 8 potions of curing
 t - a potion of invisibility
 w - a potion of might
 z - a potion of magic
 D - a potion of brilliance {unknown}
Comestibles
 b - 14 rations


   Skills:
 + Level 5.1 Fighting
 + Level 4.7 Dodging
 + Level 5.2 Stealth
 + Level 4.8 Spellcasting
 + Level 6.2 Conjurations
 + Level 3.3 Translocations
 + Level 0.3 Invocations
 + Level 5.0 Evocations


You had 6 spell levels left.
You knew the following spells:

 Your Spells              Type           Power        Failure   Level  Hunger
a - Magic Dart            Conj           ####         1%          1    None
b - Searing Ray           Conj           ####..       1%          2    #......
c - Dazzling Spray        Conj/Hex       ###...       11%         3    ###....
d - Apportation           Tloc           ###...       3%          1    None
e - Iskenderun's Mystic   Conj           ####....     11%         4    ####...

Your spell library contained the following spells:

 Spells                   Type           Power        Failure   Level  Hunger
 Gell's Gravitas          Tloc           ###.......   11%         3    ###....
 Animate Skeleton         Necr           N/A          14%         1    None
 Confusing Touch          Hex            #.....       14%         1    None
 Summon Small Mammal      Summ           #...         14%         1    None
 Force Lance              Conj/Tloc      ###.....     19%         4    ####...
 Fulminant Prism          Conj/Hex       ###.......   36%         4    ####...
 Confuse                  Hex            #.......     38%         3    ###....
 Petrify                  Tmut/Erth      #.......     80%         4    ####...
 Metabolic Englaciation   Hex/Ice        #.........   98%         5    ######.
 Yara's Violent Unravell  Hex/Tmut       #.........   98%         5    ######.


Dungeon Overview and Level Annotations

Branches:
Dungeon (7/15)             Temple (1/1) D:5

Altars:
Ashenzari
Cheibriados
Dithmenos
Fedhas
Gozag
Hepliaklqana
Kikubaaqudgha
Nemelex Xobeh
Okawaru
Qazlal
Ru
Sif Muna
Trog
Uskayaw
Vehumet
Wu Jian
Xom
Yredelemnul
Zin
The Shining One


Innate Abilities, Weirdness & Mutations

You can breathe blasts of scalding, opaque steam.
Your pale cyan-grey scales are hard. (AC +7)
You cannot fit into any form of body armour.
You are cold-blooded and may be slowed by cold attacks.


Message History

The searing ray misses the orc warrior.
The searing ray hits the orc.
You kill the orc!
Dithmenos accepts your kill. The orc warrior barely misses you.
The searing ray hits the orc warrior.
The orc warrior is heavily wounded.
The orc warrior is no longer blind.
The orc warrior closely misses you.
The searing ray hits the orc warrior!
The orc warrior is severely wounded.
You finish channeling your searing ray.
The orc warrior hits you with a +2 dire flail of crushing!!
* * * LOW HITPOINT WARNING * * *
x2 Evoke which item? (* to show all) (? for menu, Esc to quit)
Aiming: Throw Flame
Press: ? - help, Shift-Dir - straight line, f/p - orc warrior
Aim: an orc warrior, wielding a +2 dire flail of crushing and wearing a +0 plate armour (severely wounded, umbra)
The puff of flame hits the orc warrior but does no damage.
The orc warrior is severely wounded.
The orc warrior hits you with a +2 dire flail of crushing!
You die...

#.....#.#
#.#.#####.####
#####.#.# #.#.# #.#
#.#.# #.#.# #.####
#.#.# #.#.# #.#...
#.#.# #.#.# #.#...
#.#/###.#.#####.#.##
#..>................
#.#o#####.#####.#.##
###@......# #.#.##
#.#####.# #.#... #.#
### #.#### #.#
#.#### ########.#
#..... #........#
###### ##.########
#.........#######
##.###..........#


You could see an orc warrior.

Vanquished Creatures
  2 sky beasts
  2 orc warriors (D:6)
  A black bear (D:6)
  2 ogres
  A phantom (D:7)
  4 centaurs
  A big kobold (D:6)
  2 bullfrogs
  A gnoll sergeant (D:6)
  2 scorpions
  2 crimson imps
  A bullfrog zombie (D:7)
  7 hounds (D:6)
  A jelly (D:5)
  A bullfrog skeleton (D:6)
  An orc priest (D:6)
  4 iguanas
  4 orc wizards
  4 worker ants
  A hound skeleton (D:7)
  11 gnolls
  12 adders
  2 oozes
  A worm (D:2)
  4 dart slugs
  2 leopard geckos
  18 orcs
  6 bats
  5 giant cockroaches
  8 goblins
  14 hobgoblins
  4 jackals
  10 kobolds
  7 quokkas
  7 ball pythons
  5 frilled lizards
  A quokka skeleton (D:4)
  10 rats
171 creatures vanquished.

Vanquished Creatures (others)
  A plant (D:6)
1 creature vanquished.

Grand Total: 172 creatures vanquished

Notes
Turn   | Place    | Note
-------+----------+-------------------------------------------
     0 | D:1      | Descartes the Draconian Conjurer began the quest for the
                  | Orb.
     0 | D:1      | Reached XP level 1. HP: 14/14 MP: 3/3
   295 | D:1      | Reached XP level 2. HP: 19/22 MP: 5/5
   334 | D:1      | Learned a level 2 spell: Searing Ray
   906 | D:1      | Reached skill level 1 in Fighting
  1174 | D:2      | Found an ornate altar of the Wu Jian Council.
  1359 | D:2      | Reached XP level 3. HP: 28/28 MP: 6/6
  1415 | D:2      | Learned a level 3 spell: Dazzling Spray
  1628 | D:2      | HP: 1/28 [poisoned by an adder]
  1829 | D:2      | Reached XP level 4. HP: 35/35 MP: 7/7
  2313 | D:3      | Reached skill level 1 in Evocations
  2468 | D:3      | Reached XP level 5. HP: 14/41 MP: 1/8
  4229 | D:4      | Found an opulent altar of Gozag.
  4326 | D:5      | Entered Level 5 of the Dungeon
  4392 | D:5      | Reached XP level 6. HP: 43/49 MP: 4/10
  4475 | D:5      | Noticed a sky beast
  4521 | D:4      | Killed a sky beast
  4709 | D:5      | Found a shimmering altar of Xom.
  4710 | D:5      | Noticed an angel
  4711 | D:5      | Found a glowing silver altar of Zin.
  4856 | D:5      | Noticed a sky beast
  4873 | D:5      | Killed a sky beast
  4945 | D:5      | Found a staircase to the Ecumenical Temple.
  5110 | Temple   | Entered the Ecumenical Temple
  5362 | D:5      | Your scales start taking on a pale cyan-grey colour.
  5362 | D:5      | Reached XP level 7. HP: 56/56 MP: 6/12
  5406 | D:5      | Learned a level 1 spell: Apportation
  5414 | D:5      | Found a bloodstained altar of Trog.
  5439 | D:5      | Reached skill level 5 in Conjurations
  5759 | D:5      | Found a shadowy altar of Dithmenos.
  5769 | D:5      | Became a worshipper of Dithmenos the Shadowed
  6357 | D:6      | Reached skill level 1 in Translocations
  6774 | D:6      | Reached XP level 8. HP: 61/66 MP: 10/13
  7004 | D:6      | Learned a level 4 spell: Iskenderun's Mystic Blast
  8232 | D:6      | Reached * piety under Dithmenos
  8682 | D:7      | Got an ebony hunting sling
  8683 | D:7      | Identified the +11 hunting sling "Cesch" {speed, *Contam
                  | rElec rF+ rC+} (You found it on level 7 of the Dungeon)
  8703 | D:7      | Reached skill level 6 in Conjurations
  8925 | D:7      | Reached XP level 9. HP: 55/73 MP: 0/15
  8977 | D:6      | Reached skill level 5 in Stealth
  9444 | D:7      | Reached skill level 5 in Fighting
  9522 | D:7      | Found a sacrificial altar of Ru.
 10453 | D:7      | Reached skill level 5 in Evocations
 10822 | D:7      | Found a sacrificial altar of Ru.
 11100 | D:6      | Slain by an orc warrior

Skill      XL: |  1  2  3  4  5  6  7  8  9 |
---------------+----------------------------+-----
Stealth        | 2 3 4 5 |  5.2
Dodging        | 2 3 4 |  4.7
Fighting       | 1 2 3 4 5 |  5.1
Evocations     | 1 2 3 4 5 |  5.0
Spellcasting   | 3 4 |  4.8
Conjurations   | 5 6 |  6.2
Translocations | 1 3 |  3.3
Invocations    | |  0.3

Action                   |  1- 3 |  4- 6 |  7- 9 || total
-------------------------+-------+-------+-------++-------
Melee: Unarmed           |   101 |       |       ||   101
       Tailslap          |    13 |    15 |     7 ||    35
       Whip              |    78 |   149 |    79 ||   306
       Dagger            |     7 |       |       ||     7
 Fire: Hunting sling     |       |       |     7 ||     7
 Cast: Magic Dart        |     4 |    88 |   318 ||   410
       Searing Ray       |     1 |     8 |    10 ||    19
       Dazzling Spray    |       |       |     2 ||     2
 Abil: Breathe Steam     |       |       |     1 ||     1
Evoke: Wand              |       |       |     1 ||     1
  Use: Potion            |     1 |     1 |       ||     2
       Scroll            |       |       |     6 ||     6
 Stab: Sleeping          |     3 |     1 |     1 ||     5
  Eat: Chunk             |     3 |     8 |    14 ||    25
       Ration            |       |     1 |     1 ||     2
Armor: Skin              |    69 |    62 |    48 ||   179
Dodge: Dodged            |   123 |   110 |   142 ||   375
       Deflected         |       |       |     7 ||     7
